[Event "Titled Tuesday Blitz July 18 Early 2023"]
[White "KorolDimitriy75"]
[Black "MFatigue"]
[WhiteElo "2417"]
[BlackElo "2512"]
[Result "0-1"]
[Round "9"]
[TimeControl "180+2"]
[Date "2023.07.18"]
[WhiteClock "0:00:07"]
[BlackClock "0:00:22"]
[Board "95"]

1. d4 d5 2. c4 c6 3. Nc3 Nf6 4. e3 e6 5. Nf3 Nbd7 6. Bd3 dxc4 7. Bxc4 b5 8. Be2 Bd6 9. e4 e5 10. O-O O-O 11. Bg5 h6 12. Bh4 Re8 13. d5 cxd5 14. Nxb5 Be7 15. exd5 a6 16. d6 axb5 17. dxe7 Qxe7 18. Bxb5 e4 19. Nd4 Qe5 20. a4 g5 21. Bg3 Qd5 22. Bc6 Qa5 23. b4 Qa7 24. Nb5 Qa6 25. Bxa8 Qxa8 26. Nc7 Qb7 27. Nxe8 Nxe8 28. Qd4 f5 29. Bd6 Ndf6 30. Rfd1 Be6 31. Qe5 Qf7 32. b5 Ng4 33. Qd4 f4 34. Qxe4 Nef6 35. Qd4 Qh5 36. h3 Qh4 37. hxg4 Nxg4 38. f3 Qh2+ 39. Kf1 Ne3+ 40. Ke2 Qxg2+ 41. Ke1 Nc2# 0-1


[Site "https://www.chess.com"]

[Event "Titled Tuesday Blitz July 18 Early 2023"]
[White "Rian, Kapriaga"]
[Black "Mathieu, Phileas"]
[WhiteFideId "7103263"]
[BlackFideId "36048410"]
[WhiteElo "2406"]
[BlackElo "2509"]
[Result "0-1"]
[Round "9"]
[TimeControl "180+2"]
[Date "2023.07.18"]
[WhiteClock "0:00:00"]
[BlackClock "0:00:23"]
[Board "96"]

1. d4 Nf6 2. Nf3 c5 3. e3 b6 4. Bd3 Bb7 5. O-O e6 6. b3 Be7 7. Nbd2 cxd4 8. exd4 d5 9. Bb2 O-O 10. Ne5 Nbd7 11. Qf3 Rc8 12. Qh3 Nxe5 13. dxe5 Ne4 14. f3 f5 15. exf6 Bxf6 16. Bxf6 Nxf6 17. Qxe6+ Kh8 18. Rae1 Qc7 19. Kh1 Qc3 20. Nb1 Qb2 21. Nd2 Qc3 22. Nb1 Qb2 23. Qe7 Rb8 24. Qe5 Qxa2 25. Qf5 Qb2 26. Re7 Ne4 27. Qe5 Qxe5 28. Rxe5 Nc5 29. Rd1 Rbe8 30. Rde1 Rc8 31. Kg1 h6 32. Bg6 a5 33. h4 b5 34. h5 a4 35. bxa4 bxa4 36. Na3 Bc6 37. Re7 Na6 38. Ra7 Ra8 39. Rae7 Nb4 40. Rc7 Rfc8 41. Rce7 d4 42. Rf7 Bd5 43. Rd7 Rd8 44. Rc7 Rac8 45. Rce7 Bg8 46. Ra7 Ra8 47. Ree7 Rxa7 48. Rxa7 d3 0-1


[Site "https://www.chess.com"]

[Event "Titled Tuesday Blitz July 18 Early 2023"]
[White "Gulamali, Kazim"]
[Black "Llanos, Guillermo"]
[WhiteFideId "2024764"]
[BlackFideId "100358"]
[WhiteElo "2506"]
[BlackElo "2361"]
[Result "1-0"]
[Round "9"]
[TimeControl "180+2"]
[Date "2023.07.18"]
[WhiteClock "0:02:01"]
[BlackClock "0:01:15"]
[Board "97"]

1. e4 Nf6 2. e5 Nd5 3. d4 d6 4. Nf3 Bg4 5. Be2 e6 6. O-O Be7 7. h3 Bh5 8. c4 Nb6 9. Nc3 O-O 10. exd6 cxd6 11. Be3 Nc6 12. b3 d5 13. c5 Nc8 14. g4 Bg6 15. a3 a6 16. b4 b5 17. a4 bxa4 18. Qxa4 Qe8 19. b5 Nb8 20. b6 Qxa4 21. Rxa4 Nxb6 22. cxb6 f5 23. Ne5 f4 24. Bd2 Bc2 25. Ra2 Be4 26. Nxe4 dxe4 27. Bc4 Kh8 28. Bxe6 g5 29. Bd5 Nd7 30. Nxd7 Rad8 31. Nxf8 Rxd5 32. Ne6 Rd6 1-0


[Site "https://www.chess.com"]

[Event "Titled Tuesday Blitz July 18 Early 2023"]
[White "Mejia, Cherry Ann"]
[Black "Ansh M Shah"]
[WhiteFideId "5206880"]
[BlackFideId "25033379"]
[WhiteElo "2385"]
[BlackElo "2496"]
[Result "0-1"]
[Round "9"]
[TimeControl "180+2"]
[Date "2023.07.18"]
[WhiteClock "0:00:00"]
[BlackClock "0:00:07"]
[Board "98"]

1. e4 g6 2. Nc3 Bg7 3. d4 d6 4. Nf3 Nf6 5. h3 O-O 6. Be3 Nc6 7. Bc4 e5 8. Qd2 a6 9. a4 Re8 10. dxe5 Nxe5 11. Nxe5 Rxe5 12. f3 Be6 13. Bxe6 Rxe6 14. O-O Nh5 15. Bg5 Qd7 16. Nd5 Rae8 17. Nf4 Nxf4 18. Bxf4 Bxb2 19. Rab1 Be5 20. Rxb7 Qc6 21. Rfb1 Bxf4 22. Qxf4 Qxc2 23. Rc1 Qxa4 24. Rcxc7 Qd4+ 25. Kh1 Rf6 26. Qg4 Qe5 27. Qd7 Rf8 28. Ra7 a5 29. Qa4 Qg3 30. Rxa5 d5 31. Raa7 dxe4 32. Qxe4 Rd8 33. Rd7 Rxd7 34. Rxd7 Re6 35. Rd8+ Kg7 36. Qd4+ Kh6 37. Qd2+ g5 38. Rd7 Re1+ 39. Qxe1 Qxe1+ 40. Kh2 Qe5+ 41. Kh1 Kg7 42. Rd1 h6 43. Kg1 Qe3+ 44. Kh2 Kg6 45. Rf1 Kf5 46. Rb1 f6 47. Rb5+ Kg6 48. Rb1 h5 0-1


[Site "https://www.chess.com"]

[Event "Titled Tuesday Blitz July 18 Early 2023"]
[White "Mmukka"]
[Black "Pershina, Elena"]
[BlackFideId "24147516"]
[WhiteElo "2492"]
[BlackElo "2349"]
[Result "1-0"]
[Round "9"]
[TimeControl "180+2"]
[Date "2023.07.18"]
[WhiteClock "0:00:13"]
[BlackClock "0:00:08"]
[Board "99"]

1. e4 c5 2. Nf3 Nc6 3. d4 cxd4 4. Nxd4 Nf6 5. Nc3 e5 6. Ndb5 d6 7. Nd5 Nxd5 8. exd5 Nb8 9. a4 Be7 10. Be2 O-O 11. Bd2 Nd7 12. a5 a6 13. Na3 f5 14. Nc4 Qc7 15. O-O Bf6 16. Ra3 f4 17. Bb4 Nc5 18. Nxd6 Qxd6 19. Rc3 e4 20. Bxc5 Qd8 21. Bxf8 Bxc3 22. bxc3 Qxf8 23. Qd4 Bf5 24. d6 Rd8 25. Rd1 Kh8 26. f3 Qe8 27. fxe4 Bxe4 28. Rd2 Qg6 29. Bf1 f3 30. Qe5 Bc6 31. g3 Qf7 32. Qd4 Qf5 33. Bd3 Qxa5 34. Qh4 Qc5+ 35. Kf1 h6 36. Qxd8+ 1-0


[Site "https://www.chess.com"]

[Event "Titled Tuesday Blitz July 18 Early 2023"]
[White "Erzhanov, Arman"]
[Black "Okike, David"]
[WhiteFideId "4138821"]
[BlackFideId "8500134"]
[WhiteElo "2490"]
[BlackElo "2350"]
[Result "1/2-1/2"]
[Round "9"]
[TimeControl "180+2"]
[Date "2023.07.18"]
[WhiteClock "0:00:07"]
[BlackClock "0:00:21"]
[Board "100"]

1. e4 c5 2. Nf3 Nc6 3. Bb5 g6 4. O-O Bg7 5. c3 Nh6 6. d4 cxd4 7. cxd4 O-O 8. d5 Nb8 9. h3 d6 10. Nc3 f5 11. Re1 Nd7 12. Bxd7 Bxd7 13. e5 Bc8 14. e6 Kh8 15. Bf4 Qb6 16. Qd2 Ng8 17. Ng5 h6 18. Nf7+ Kh7 19. h4 h5 20. Re3 Nf6 21. Rg3 Qc5 22. Rc1 Qb4 23. a3 Qa5 24. b4 Qb6 25. Be3 Qa6 26. a4 b6 27. b5 Qb7 28. Ng5+ Kg8 29. Nf7 Kh7 30. Rd1 Qc7 31. Qd3 Bb7 32. Rc1 Rac8 33. Ne2 Qb8 34. Rc6 Bxc6 35. bxc6 a6 36. Nd4 Ng4 37. f3 Ne5 38. Qc2 b5 39. Rxg6 Nxg6 40. Qxf5 Rxf7 41. exf7 Bxd4 42. Qxh5+ Kg7 43. Bxd4+ Ne5 44. f4 Rh8 45. Qg5+ Kxf7 46. fxe5 Qg8 47. Qf5+ Ke8 48. Qc8+ Kf7 49. Qf5+ Ke8 50. Qd7+ Kf7 51. e6+ Kg6 52. Bxh8 Qxh8 53. Qxe7 Qd4+ 54. Kf1 Qf4+ 55. Ke2 Qe4+ 56. Kf2 Qf4+ 57. Kg1 Qd4+ 58. Kf1 Qf4+ 59. Ke1 Qe3+ 60. Kd1 Qd3+ 61. Ke1 Qe3+ 62. Kf1 Qd3+ 63. Kf2 Qd4+ 64. Kg3 Qe5+ 65. Kh3 Qf5+ 66. Kh2 Qf4+ 67. g3 Qf2+ 68. Kh3 Qf1+ 69. Kh2 Qf2+ 70. Kh3 Qf1+ 71. Kh2 Qf2+ 1/2-1/2


[Site "https://www.chess.com"]

[Event "Titled Tuesday Blitz July 18 Early 2023"]
[White "Taboas Rodriguez, Daniel"]
[Black "Da Silva Junior, Sediney Mari"]
[WhiteFideId "2208466"]
[BlackFideId "2132079"]
[WhiteElo "2490"]
[BlackElo "2224"]
[Result "1-0"]
[Round "9"]
[TimeControl "180+2"]
[Date "2023.07.18"]
[WhiteClock "0:01:18"]
[BlackClock "0:01:30"]
[Board "101"]

1. d4 Nf6 2. Nf3 e6 3. c4 d5 4. Nc3 Bb4 5. Bg5 O-O 6. e3 h6 7. Bh4 b6 8. cxd5 exd5 9. Bd3 Bg4 10. O-O Nbd7 11. Nxd5 Be7 12. Nxe7+ Qxe7 13. h3 Bh5 14. Rc1 c5 15. Be2 Rad8 16. Qa4 cxd4 17. Nxd4 Bxe2 18. Nxe2 Nc5 19. Qa3 Rd7 20. Nd4 Qe5 21. Bg3 Qh5 22. Nf3 Nfe4 23. Bf4 Rfd8 24. b4 Nd3 25. Rc4 Nxf4 26. Rxe4 Ne2+ 27. Kh2 Rd1 28. Rxd1 Rxd1 29. Qxa7 Qd5 30. Re8+ Kh7 31. Qxb6 Rh1+ 32. Kxh1 Qd1+ 33. Kh2 Qd6+ 34. Qxd6 1-0


[Site "https://www.chess.com"]

[Event "Titled Tuesday Blitz July 18 Early 2023"]
[White "Samarth J Rao"]
[Black "Fiorito, Joaquin"]
[WhiteFideId "46652370"]
[BlackFideId "180173"]
[WhiteElo "2285"]
[BlackElo "2698"]
[Result "0-1"]
[Round "9"]
[TimeControl "180+2"]
[Date "2023.07.18"]
[WhiteClock "0:00:00"]
[BlackClock "0:00:30"]
[Board "102"]

1. e4 c5 2. Nf3 d6 3. d4 cxd4 4. Nxd4 Nf6 5. Nc3 a6 6. Bg5 Nbd7 7. f4 Qc7 8. Qf3 h6 9. Bh4 g5 10. fxg5 hxg5 11. Bxg5 Qc5 12. Be3 Ne5 13. Qe2 Neg4 14. Bg1 Bh6 15. h3 Bf4 16. Qc4 Bg3+ 17. Kd1 Qg5 18. Nf3 Ne3+ 19. Bxe3 Qxe3 20. Qd3 Qb6 21. Kc1 Be6 22. b3 Rc8 23. Kb2 Ng4 24. Rg1 Ne5 25. Qd4 Qxd4 26. Nxd4 Bf2 27. Nde2 Bxg1 28. Nxg1 Kd7 29. Nge2 Rc7 30. Nd4 Rhc8 31. Nce2 Nc6 32. c4 Ne5 33. Nf4 Rg8 34. g4 Nc6 35. Nxc6 Rxc6 36. Rd1 Rc5 37. Bg2 Ke8 38. Bf3 Bd7 39. Nd5 Rh8 40. Rh1 b5 41. cxb5 Bxb5 42. a4 Bd7 43. Be2 a5 44. Bc4 Bxa4 45. Ra1 Bd7 46. Rxa5 Rxa5 0-1


[Site "https://www.chess.com"]

[Event "Titled Tuesday Blitz July 18 Early 2023"]
[White "Krutko, Anatoly"]
[Black "Todorovic, Bojan"]
[WhiteFideId "4185862"]
[BlackFideId "917087"]
[WhiteElo "2570"]
[BlackElo "2424"]
[Result "0-1"]
[Round "9"]
[TimeControl "180+2"]
[Date "2023.07.18"]
[WhiteClock "0:00:03"]
[BlackClock "0:02:12"]
[Board "103"]

1. e4 g6 2. d4 Bg7 3. c4 d6 4. Nc3 Nc6 5. Nge2 Nf6 6. Ng3 e5 7. d5 Nd4 8. h4 h5 9. Bg5 c6 10. Nge2 c5 11. Qd2 a6 12. O-O-O Qc7 13. f3 b5 14. cxb5 axb5 15. Nxd4 cxd4 16. Bxb5+ Bd7 17. Bxd7+ Nxd7 18. Kb1 dxc3 19. Qxc3 Qxc3 20. bxc3 Nc5 0-1


[Site "https://www.chess.com"]

[Event "Titled Tuesday Blitz July 18 Early 2023"]
[White "Uzcategui Rodriguez, Alejandro"]
[Black "Ambartsumova, Karina"]
[WhiteFideId "3903400"]
[BlackFideId "4166299"]
[WhiteElo "2430"]
[BlackElo "2569"]
[Result "0-1"]
[Round "9"]
[TimeControl "180+2"]
[Date "2023.07.18"]
[WhiteClock "0:00:21"]
[BlackClock "0:00:15"]
[Board "104"]

1. d4 d6 2. Nf3 g6 3. Bg5 Bg7 4. Nbd2 d5 5. e3 Nf6 6. Be2 O-O 7. O-O c5 8. c3 Qb6 9. Qb3 c4 10. Qxb6 axb6 11. a3 b5 12. Ne5 Re8 13. Bf3 Be6 14. e4 Nxe4 15. Bxe4 dxe4 16. Nxe4 f6 17. Nc5 Bd5 18. Ned7 Nxd7 19. Nxd7 fxg5 20. Nb6 Rad8 21. a4 b4 22. a5 e6 23. Ra4 bxc3 24. bxc3 Bc6 25. Rb4 e5 26. d5 Bxd5 27. Ra1 e4 28. Nxd5 Rxd5 29. Rxc4 Ra8 30. g3 Rdxa5 31. Rb1 Ra1 32. Rxa1 Rxa1+ 33. Kg2 Rc1 34. Rc8+ Bf8 35. Rc7 b5 36. Rb7 Rxc3 37. Rxb5 Rc5 38. Rb4 Re5 39. Rd4 Kf7 40. Rd7+ Be7 41. Rd1 h5 42. Re1 g4 43. h3 Kf6 44. hxg4 hxg4 45. Ra1 Kf5 46. Kf1 e3 47. Ra4 e2+ 48. Ke1 Bc5 49. Rf4+ Kg5 50. Rc4 Bxf2+ 0-1


[Site "https://www.chess.com"]

[Event "Titled Tuesday Blitz July 18 Early 2023"]
[White "Souleidis, Georgios"]
[Black "Gaal, Zsoka"]
[WhiteFideId "4206827"]
[BlackFideId "777765"]
[WhiteElo "2546"]
[BlackElo "2420"]
[Result "0-1"]
[Round "9"]
[TimeControl "180+2"]
[Date "2023.07.18"]
[WhiteClock "0:00:00"]
[BlackClock "0:00:04"]
[Board "105"]

1. e4 Nf6 2. Nc3 d5 3. exd5 Nxd5 4. Bc4 Nxc3 5. Qf3 e6 6. dxc3 Be7 7. Bd2 c5 8. O-O-O Qb6 9. Qg3 Bf6 10. Ne2 Nc6 11. Bg5 Bxg5+ 12. Qxg5 O-O 13. Nf4 f6 14. Qg3 Ne5 15. Nh5 Qc7 16. Be2 Qf7 17. f4 Ng6 18. Qe3 b6 19. h4 Bb7 20. Ng3 Bxg2 21. Rh2 Bb7 22. h5 Ne7 23. Bg4 Bc8 24. Re2 Nf5 25. Bxf5 exf5 26. Qd3 a5 27. Kb1 Ba6 28. Qxf5 Bxe2 29. Nxe2 Rad8 30. Rg1 Kh8 31. Qg4 Qd7 32. f5 Rfe8 33. a3 Re5 34. Nf4 Rxf5 35. Ne6 Rg5 36. Nxg5 Qxg4 0-1


[Site "https://www.chess.com"]

[Event "Titled Tuesday Blitz July 18 Early 2023"]
[White "Zhang, Eric"]
[Black "Rom, Jasper"]
[WhiteFideId "30907667"]
[BlackFideId "2023733"]
[WhiteElo "2544"]
[BlackElo "2413"]
[Result "1-0"]
[Round "9"]
[TimeControl "180+2"]
[Date "2023.07.18"]
[WhiteClock "0:00:35"]
[BlackClock "0:00:00"]
[Board "106"]

1. d4 d5 2. c4 e6 3. Nc3 c6 4. Nf3 dxc4 5. a4 Bb4 6. e3 b5 7. Qc2 a6 8. Be2 Bb7 9. O-O Nf6 10. Ne5 Nbd7 11. f4 O-O 12. Bf3 Qb6 13. Ne4 c5 14. Ng5 Rad8 15. Bxb7 Qxb7 16. f5 exf5 17. Rxf5 h6 18. Ngf3 Qe4 19. Qxe4 Nxe4 20. axb5 Nxe5 21. Rxe5 Rfe8 22. bxa6 Rxe5 23. Nxe5 Ra8 24. Nxc4 cxd4 25. exd4 1-0


[Site "https://www.chess.com"]

[Event "Titled Tuesday Blitz July 18 Early 2023"]
[White "Arencibia Monduy, Antonio"]
[Black "Hoffmann, Asa"]
[WhiteFideId "3507939"]
[BlackFideId "2001470"]
[WhiteElo "2539"]
[BlackElo "2396"]
[Result "1-0"]
[Round "9"]
[TimeControl "180+2"]
[Date "2023.07.18"]
[WhiteClock "0:00:02"]
[BlackClock "0:00:41"]
[Board "107"]

1. e4 d6 2. d4 Nf6 3. Nc3 c6 4. Nf3 Bg4 5. h3 Bh5 6. Be2 e6 7. O-O d5 8. e5 Nfd7 9. Nh2 Bg6 10. f4 c5 11. Be3 cxd4 12. Bxd4 Nc6 13. Bf2 a6 14. Kh1 h5 15. a3 Bc5 16. Bxc5 Nxc5 17. Nf3 d4 18. Nb1 Ne4 19. Kh2 h4 20. Bd3 Ng3 21. Re1 Bf5 22. Nbd2 Ne7 23. Nb3 Nc6 24. Qd2 Qd5 25. Rad1 O-O-O 26. Bxf5 Nxf5 27. Qe2 Rd7 28. Rd3 Rhd8 29. Qf2 f6 30. exf6 gxf6 31. Nxh4 Nxh4 32. Qxh4 e5 33. fxe5 fxe5 34. Qe4 Qc4 35. Re2 Rg8 36. Nd2 Qxc2 37. Nf3 Qc4 38. b3 Qc5 39. Nxe5 Nxe5 40. Qxe5 Qxa3 41. Rc2+ Kd8 42. Qf6+ Qe7 43. Qb6+ Ke8 44. Rc8+ Rd8 45. Rxd8+ Qxd8 46. Qe6+ Kf8 47. Rf3+ Kg7 48. Rg3+ Kh7 49. Qf7+ Kh8 50. Qh5# 1-0


[Site "https://www.chess.com"]

[Event "Titled Tuesday Blitz July 18 Early 2023"]
[White "Topalov, Aleksandar"]
[Black "Bilan, Danila"]
[WhiteFideId "925659"]
[BlackFideId "24161918"]
[WhiteElo "2368"]
[BlackElo "2518"]
[Result "0-1"]
[Round "9"]
[TimeControl "180+2"]
[Date "2023.07.18"]
[WhiteClock "0:00:00"]
[BlackClock "0:00:14"]
[Board "108"]

1. b3 d5 2. Bb2 Nf6 3. Nf3 c5 4. e3 Nc6 5. Bb5 Qb6 6. Qe2 Bg4 7. a4 a6 8. Bxc6+ Qxc6 9. h3 Bh5 10. g4 Bg6 11. Ne5 Qc7 12. d3 Nd7 13. Nxd7 Qxd7 14. Nd2 f6 15. f4 e6 16. e4 Be7 17. f5 Bf7 18. fxe6 Bxe6 19. exd5 Bxd5 20. Ne4 O-O 21. O-O b5 22. axb5 axb5 23. Rxa8 Rxa8 24. Ra1 Rxa1+ 25. Bxa1 Qa7 26. Bc3 c4+ 27. Kh2 cxb3 28. cxb3 Bxb3 29. Qb2 Qa2 30. d4 b4 31. Qxa2 Bxa2 32. Bb2 Kf7 33. Kg3 Ke6 34. Kf3 Kd5 35. Nd2 Bd6 36. Ke3 g6 37. Kd3 f5 38. gxf5 gxf5 39. Ke3 Bc4 0-1


[Site "https://www.chess.com"]

[Event "Titled Tuesday Blitz July 18 Early 2023"]
[White "Rangel, Daniel"]
[Black "Zaim, Marian"]
[WhiteFideId "2124475"]
[BlackFideId "1204114"]
[WhiteElo "2515"]
[BlackElo "2325"]
[Result "0-1"]
[Round "9"]
[TimeControl "180+2"]
[Date "2023.07.18"]
[WhiteClock "0:00:09"]
[BlackClock "0:00:19"]
[Board "109"]

1. c4 b6 2. d4 Bb7 3. Nc3 f5 4. Bf4 e6 5. e3 Nf6 6. Nf3 Be7 7. h3 O-O 8. Qc2 d6 9. Bd3 h6 10. Rg1 c5 11. Bh2 Nbd7 12. d5 exd5 13. Bxf5 dxc4 14. Be6+ Kh8 15. Nh4 g5 16. Ng6+ Kg7 17. Nxe7 Qxe7 18. Bf5 d5 19. O-O-O Ne5 20. Bxe5 Qxe5 21. g4 d4 22. exd4 cxd4 23. Nb1 Qf4+ 24. Qd2 Qxd2+ 25. Nxd2 b5 26. Rde1 Rfe8 27. Nb1 Rxe1+ 28. Rxe1 Re8 29. Rxe8 Nxe8 30. Na3 a6 31. Nc2 d3 32. Nd4 Nd6 33. Bd7 Kf6 34. Kd2 Bg2 35. b3 Bxh3 36. Nc6 Ne4+ 37. Ke3 d2 38. Ke2 c3 39. Nd4 b4 40. f3 Ng3+ 41. Kd1 Bf1 42. Bc8 a5 43. Bf5 Nxf5 44. Nxf5 Bd3 45. Ne3 Bb1 46. a4 bxa3 47. Nd5+ Ke5 48. Nxc3 a2 49. Kxd2 a1=Q 50. Ke3 Qxc3+ 0-1


[Site "https://www.chess.com"]

[Event "Titled Tuesday Blitz July 18 Early 2023"]
[White "Estrada Nieto, Julian"]
[Black "Chemin, Justo Reinaldo"]
[WhiteFideId "5101018"]
[BlackFideId "2101580"]
[WhiteElo "2508"]
[BlackElo "2277"]
[Result "1-0"]
[Round "9"]
[TimeControl "180+2"]
[Date "2023.07.18"]
[WhiteClock "0:00:06"]
[BlackClock "0:00:01"]
[Board "110"]

1. e4 e6 2. d4 d5 3. Nd2 Nf6 4. e5 Nfd7 5. Bd3 c5 6. c3 Nc6 7. Ne2 cxd4 8. cxd4 f6 9. exf6 Nxf6 10. Nf3 Bd6 11. O-O O-O 12. Bf4 Bxf4 13. Nxf4 Qd6 14. Ne2 e5 15. dxe5 Nxe5 16. Ned4 Nxd3 17. Qxd3 Bd7 18. Rfe1 Ne4 19. Rad1 Rae8 20. Ne2 Bc6 21. Ng3 Qc5 22. Qd4 b6 23. Rc1 Qxd4 24. Nxd4 Ba8 25. f3 Nc5 26. Rxe8 Rxe8 27. Rd1 g6 28. Kf2 Na4 29. Rd2 Nc5 30. Nge2 Bb7 31. Nf4 Re5 32. h4 Kf7 33. b4 Nd7 34. Rc2 Nf6 35. g4 Re7 36. g5 Ne8 37. b5 Nd6 38. a4 Nc4 39. Nde2 Ne3 40. Rd2 Nf5 41. Ng2 Rc7 42. Nef4 d4 43. Ne2 Rc4 44. Nef4 Rxa4 45. Rc2 Nd6 46. Rc7+ Ke8 47. Rxh7 Ra2+ 48. Kg3 Ra3 49. Ne1 Nf5+ 50. Kf2 Ra2+ 51. Kg1 Bd5 52. Nfd3 Ne3 53. h5 gxh5 54. g6 Nf5 55. g7 Nxg7 56. Rxg7 Bc4 57. Kf1 Bxb5 58. Rh7 Bxd3+ 59. Nxd3 b5 60. Ne5 a5 61. Nc6 Kf8 62. Nxd4 b4 63. Ne6+ Kg8 64. Rg7+ Kh8 65. Rb7 Ra3 66. f4 Rf3+ 67. Ke2 Rc3 68. f5 Rc4 69. Ke3 Re4+ 70. Kxe4 a4 71. Ke5 a3 72. f6 a2 73. Rb8+ Kh7 74. Rb7+ Kh6 75. Ra7 b3 76. f7 b2 77. f8=Q+ Kg6 78. Rg7+ Kh6 79. Qf5 b1=Q 80. Rh7# 1-0


[Site "https://www.chess.com"]

[Event "Titled Tuesday Blitz July 18 Early 2023"]
[White "laimis61"]
[Black "Michalczak, Thomas"]
[BlackFideId "4622634"]
[WhiteElo "2259"]
[BlackElo "2500"]
[Result "0-1"]
[Round "9"]
[TimeControl "180+2"]
[Date "2023.07.18"]
[WhiteClock "0:00:00"]
[BlackClock "0:00:20"]
[Board "111"]

1. e4 e5 2. Nf3 Nc6 3. Bb5 a6 4. Ba4 Nf6 5. d3 b5 6. Bb3 Bc5 7. Bg5 h6 8. Bh4 g5 9. Bg3 d6 10. c3 Bb6 11. a4 Bg4 12. Nbd2 Rb8 13. O-O O-O 14. Re1 Kg7 15. Nf1 Re8 16. Ne3 Be6 17. Nd5 Bxd5 18. exd5 Ne7 19. axb5 axb5 20. d4 e4 21. Nd2 Nexd5 22. Nxe4 Rxe4 23. Rxe4 Nxc3 24. bxc3 Nxe4 25. Qf3 Nf6 26. h4 g4 27. Qe3 Qe8 28. Qf4 Qe2 29. Kh2 Qb2 30. Re1 Qxb3 31. h5 Qd5 32. Bh4 Nxh5 33. Qxg4+ Kh7 34. Bg3 Rg8 0-1


[Site "https://www.chess.com"]

[Event "Titled Tuesday Blitz July 18 Early 2023"]
[White "Novikov, Evgenij"]
[Black "Vaglio Munoz, Jaime"]
[WhiteFideId "4125380"]
[BlackFideId "6500145"]
[WhiteElo "2496"]
[BlackElo "2259"]
[Result "0-1"]
[Round "9"]
[TimeControl "180+2"]
[Date "2023.07.18"]
[WhiteClock "0:00:00"]
[BlackClock "0:01:06"]
[Board "112"]

1. d4 c6 2. c4 b5 3. cxb5 cxb5 4. a3 Bb7 5. Nc3 a6 6. e4 Nf6 7. Bd3 Nc6 8. Nge2 e6 9. O-O Ne7 10. Be3 Rc8 11. f3 g6 12. d5 Bg7 13. d6 Nc6 14. Ng3 e5 15. f4 O-O 16. f5 Nd4 17. Kh1 Rc6 18. Bxd4 exd4 19. Nce2 Re8 20. Nxd4 Rxd6 21. Nf3 Nxe4 22. fxg6 hxg6 23. Qb3 Nxg3+ 24. hxg3 Re3 25. Rad1 Bd5 26. Qc2 Qa8 27. Be2 Ree6 28. Ng5 Bxg2+ 29. Kh2 Bxf1 30. Rxf1 Re7 31. Bf3 Qe8 32. Qb3 Rf6 33. Bg2 Re2 34. Rxf6 Bxf6 35. Nf3 Qe3 36. Qd5 Kg7 37. Kh1 Rxb2 0-1


[Site "https://www.chess.com"]

[Event "Titled Tuesday Blitz July 18 Early 2023"]
[White "Thiel, Thomas"]
[Black "MateoReyes"]
[WhiteFideId "4615964"]
[WhiteElo "2257"]
[BlackElo "2492"]
[Result "0-1"]
[Round "9"]
[TimeControl "180+2"]
[Date "2023.07.18"]
[WhiteClock "0:01:21"]
[BlackClock "0:02:08"]
[Board "113"]

1. e4 c5 2. Nc3 Nc6 3. Bb5 Nd4 4. Bc4 e6 5. Nge2 Nc6 6. O-O d6 7. d4 cxd4 8. Nxd4 Nf6 9. Bg5 Be7 10. Ndb5 a6 11. Bxf6 gxf6 12. Nd4 Qc7 13. Bb3 Bd7 14. Re1 O-O-O 15. Nxc6 Bxc6 16. Nd5 exd5 17. exd5 Be8 18. c4 Kb8 19. Rc1 Bf8 20. Qd4 Bg7 21. c5 dxc5 22. Rxc5 Qd6 23. Rec1 Bd7 24. Rc7 Rc8 0-1


[Site "https://www.chess.com"]

[Event "Titled Tuesday Blitz July 18 Early 2023"]
[White "UgarteCesar"]
[Black "Chitlange Sakshi"]
[BlackFideId "35002899"]
[WhiteElo "2208"]
[BlackElo "2443"]
[Result "0-1"]
[Round "9"]
[TimeControl "180+2"]
[Date "2023.07.18"]
[WhiteClock "0:00:37"]
[BlackClock "0:01:21"]
[Board "114"]

1. d4 Nf6 2. Bg5 Ne4 3. Bf4 d5 4. Nd2 Bf5 5. f3 Nxd2 6. Qxd2 e6 7. e3 Bd6 8. Bxd6 cxd6 9. Bd3 Bxd3 10. Qxd3 Nc6 11. a3 Qb6 12. b3 Rc8 13. Ne2 Qa5+ 14. Qd2 Qa6 15. O-O O-O 16. Rfc1 Ne7 17. Qd3 Qb6 18. c4 dxc4 19. bxc4 e5 20. Rab1 Qc7 21. Qb3 b6 22. a4 exd4 23. exd4 Nc6 24. c5 Rfe8 25. Rc2 Rxe2 26. Rxe2 Nxd4 27. cxb6 axb6 28. Qd3 Nxe2+ 29. Qxe2 Qc5+ 30. Kf1 h6 31. g3 Qf5 32. Rb5 Qh3+ 0-1


[Site "https://www.chess.com"]

[Event "Titled Tuesday Blitz July 18 Early 2023"]
[White "Zacurdajev, Dmitry"]
[Black "LLariMarc"]
[WhiteFideId "4196309"]
[WhiteElo "2439"]
[BlackElo "2199"]
[Result "0-1"]
[Round "9"]
[TimeControl "180+2"]
[Date "2023.07.18"]
[WhiteClock "0:00:01"]
[BlackClock "0:01:19"]
[Board "115"]

1. d4 g6 2. c4 Bg7 3. Nc3 c5 4. e3 Nf6 5. Nf3 O-O 6. Be2 Nc6 7. d5 Na5 8. e4 d6 9. h3 a6 10. O-O Rb8 11. a4 b5 12. axb5 axb5 13. cxb5 c4 14. Nd4 e5 15. Nc6 Nxc6 16. bxc6 Rb4 17. Ra4 Qb6 18. Bxc4 Rxa4 19. Qxa4 Nh5 20. b4 Nf4 21. Be3 Qd8 22. Ne2 Bxh3 23. Bxf4 exf4 24. gxh3 f3 25. Ng3 h5 26. Qd1 h4 27. Qxf3 hxg3 28. fxg3 Qb6+ 29. Kh1 Qxb4 30. Bd3 Be5 31. Qe2 Bxg3 32. Qc2 Be5 33. c7 Rb8 34. c8=Q+ Rxc8 35. Qxc8+ Kg7 36. Qd7 Qd2 37. Qxf7+ Kh6 38. Qf8+ Kg5 39. Rg1+ Kh4 40. Qh8+ Bxh8 0-1


[Site "https://www.chess.com"]

[Event "Titled Tuesday Blitz July 18 Early 2023"]
[White "NicolaiMaxime"]
[Black "Saucey, Michel"]
[BlackFideId "601845"]
[WhiteElo "2573"]
[BlackElo "2325"]
[Result "1-0"]
[Round "9"]
[TimeControl "180+2"]
[Date "2023.07.18"]
[WhiteClock "0:01:43"]
[BlackClock "0:00:00"]
[Board "116"]

1. e4 c5 2. Nf3 e6 3. b3 Nc6 4. Bb2 a6 5. g3 Nf6 6. d3 d5 7. exd5 exd5 8. Bg2 Be7 9. O-O d4 10. Nbd2 O-O 11. h3 h6 12. Re1 Be6 13. Kh2 Re8 14. Qe2 Bd6 15. Qf1 Bc7 16. Ne4 Nd7 17. Re2 f5 18. Ned2 f4 19. g4 h5 20. Rae1 hxg4 21. hxg4 Nde5 22. Nxe5 Nxe5 23. Rxe5 Qh4+ 24. Kg1 Bxe5 25. Nf3 Qxg4 26. Rxe5 Bf7 27. Rxc5 Rad8 28. Rg5 Qc8 29. Bxd4 g6 30. c3 Rd5 31. Ne5 Rb5 32. Nxf7 Kxf7 33. Rxb5 axb5 34. Bh3 Qc6 35. Qg2 Qxg2+ 36. Kxg2 Re2 37. a4 Rb2 38. axb5 Rxb3 39. Bd7 g5 40. b6 Rb2 41. Bc8 Rd2 42. Bxb7 Rxd3 43. Bd5+ Ke7 44. b7 1-0


[Site "https://www.chess.com"]

[Event "Titled Tuesday Blitz July 18 Early 2023"]
[White "Filgueira, Hernan"]
[Black "ExchangeAB"]
[WhiteFideId "101770"]
[WhiteElo "2566"]
[BlackElo "2315"]
[Result "1-0"]
[Round "9"]
[TimeControl "180+2"]
[Date "2023.07.18"]
[WhiteClock "0:01:02"]
[BlackClock "0:00:02"]
[Board "117"]

1. e4 c6 2. Nc3 d5 3. Nf3 Bg4 4. h3 Bxf3 5. Qxf3 e6 6. g3 Nd7 7. Bg2 Bc5 8. O-O Ne7 9. d3 O-O 10. Qe2 a5 11. Kh2 b5 12. f4 Nb6 13. Nd1 dxe4 14. dxe4 Qc7 15. Nf2 Nc4 16. Nd3 Ba7 17. b3 Nd6 18. Bb2 Rad8 19. Qg4 Ne8 20. Be5 Qc8 21. a4 b4 22. Rad1 Bd4 23. Bxd4 Rxd4 24. Nb2 Rxd1 25. Rxd1 Nf6 26. Qe2 Rd8 27. Nc4 Qc7 28. Rd3 Kf8 29. Qe3 c5 30. Rxd8+ Qxd8 31. Qxc5 g6 32. Qxa5 Qd1 33. Qe5 Neg8 34. Qd6+ Kg7 35. Qxd1 1-0


[Site "https://www.chess.com"]